 Dungeon Crawl Stone Soup version 0.32-a0-732-ga344392067 (webtiles) character file.

Game seed: 4614682163769445262

80474 GloriousHammer the Ripper (level 15, -3/151 HPs)
             Began as a Felid Berserker on Mar 16, 2024.
             Was the Champion of Trog.
             Slain by a skeletal warrior
             ... wielding a +0 war axe
              (7 damage)
             ... on level 14 of the Dungeon.
             The game lasted 00:53:17 (19419 turns).

GloriousHammer the Ripper (Felid Berserker)        Turns: 19419, Time: 00:53:17

Health: -3/151     AC: 14    Str: 24    XL:     15   Next: 23%
Magic:  16/16      EV: 21    Int: 13    God:    Trog [******]
Gold:   1876       SH:  0    Dex: 21    Spells: 14/14 levels left
                                        Lives:  0   Deaths: 4

rFire   . .          .
                       - Unarmed
rCold   . . .        (shield unavailable)
rNeg    . . .        (body armour unavailable)
rPois   +            (helmet unavailable)
rElec   .            (cloak unavailable)
rCorr   .            (gloves unavailable)
SInv    +            (boots unavailable)
Will    ++...        j - amulet of regeneration Stlth
                     D - +6 ring of dexterity
HPRegen 1.25/turn    T - +4 ring of protection
MPRegen 0.15/turn

%: no passive effects
@: berserking, lethally poisoned (-3 -> -9), snake-form, very quick
A: constrict, boosted hp, large, (claws 1), (fangs 3), see invisible, (shaggy
fur 3), (stealthy paws), no weapons or thrown items, no armour, multi-lived
a: Begin Untransformation, Renounce Religion, Berserk, Trog's Hand, Brothers in
Arms


You were on level 14 of the Dungeon.
You worshipped Trog.
Trog was exalted by your worship.
You were an enormous serpent.
You visited 4 branches of the dungeon, and saw 22 of its levels.
You also visited: Sewer, Ossuary and Ice Cave.

You collected 2457 gold pieces.
You spent 581 gold pieces at shops.

Inventory:

Jewellery
 e - an amulet of reflection
 j - an amulet of regeneration (around neck)
 D - a +6 ring of dexterity (left hand)
 F - a ring of protection from fire
 M - an amulet of faith
 N - a ring of positive energy
 T - a +4 ring of protection (right hand)
 W - a ring of willpower
Talismans
 m - a beast talisman
 E - a blade talisman
 I - a dragon-blood talisman
 J - a serpent talisman (active)
Wands
 a - a wand of paralysis (33)
 w - a wand of flame (44)
 C - a wand of polymorph (10)
 G - a wand of acid (14)
 O - a wand of digging (7)
 R - a wand of warping (12)
Scrolls
 f - a scroll of amnesia
 g - 3 scrolls of vulnerability
 i - a scroll of identify
 k - 3 scrolls of noise
 l - 6 scrolls of teleportation
 p - a scroll of revelation {unknown}
 r - 6 scrolls of fog
 v - a scroll of torment {unknown}
 y - a scroll of summoning
 H - 3 scrolls of fear
 K - 4 scrolls of poison
 L - 3 scrolls of immolation {unknown}
 Q - 2 scrolls of silence
Potions
 b - 2 potions of enlightenment {unknown}
 c - 4 potions of haste
 d - 5 potions of mutation
 h - a potion of attraction {unknown}
 n - 6 potions of heal wounds
 o - a potion of lignification {unknown}
 q - 6 potions of might
 s - 3 potions of magic
 t - 4 potions of cancellation
 u - 9 potions of curing
 x - 3 potions of invisibility
 z - a potion of resistance {unknown}
 A - a potion of berserk rage {unknown}
 B - 4 potions of ambrosia
 P - 2 potions of brilliance {unknown}


   Skills:
 + Level 12.3 Fighting
 - Level 17.1 Dodging
 - Level 7.0 Stealth
 - Level 17.8 Unarmed Combat
 - Level 10.0 Evocations
 * Level 12.5 Shapeshifting


You had 14 spell levels left.
You didn't know any spells.
Your spell library was empty.

Dungeon Overview and Level Annotations

Branches:
Dungeon (14/15)            Temple (1/1) D:7            Lair (5/5) D:10
 Shoals (0/4) Lair:3        Snake (0/4) Lair:2        Slime (0/5) Lair:5
    Orc (2/2) D:10            Elf (0/3) Orc:2        Vaults (0/5) D:14
  Sewer (visited)         Ossuary (visited)           IceCv (visited)

Altars:
Ashenzari
Cheibriados
Dithmenos
Elyvilon
Fedhas
Gozag
Hepliaklqana
Kikubaaqudgha
Makhleb
Nemelex Xobeh
Okawaru
Qazlal
Ru
Sif Muna
Trog
Uskayaw
Vehumet
Wu Jian
Xom
Yredelemnul
Zin
The Shining One
Beogh

Shops:
D:1 =   Orc:2 *[(=*

Annotations:
D:9 exclusion: orange crystal statue


Innate Abilities, Weirdness & Mutations

You are an enormous serpent.
You have a powerful constriction melee attack.
Your maximum health is increased.
((You have sharp claws.))
((You have razor-sharp teeth.))
You have supernaturally acute eyesight. (SInv)
((Your thick and shaggy fur keeps you warm. (AC +3, rC+)))
((Your paws help you pounce on unaware monsters.))
You are incapable of wielding weapons or throwing items.
You cannot wear armour.
You gain extra lives every three experience levels.


Message History

The killer bee stings you but does no damage.
You miss the killer bee. You constrict the killer bee.
The killer bee stings you!
* * * LOW HITPOINT WARNING * * *
The killer bee closely misses you. The killer bee completely misses you.
You closely miss the killer bee. You constrict the killer bee.
The killer bee completely misses you.
The meliai mumbles some strange prayers to its god against you.
Something smites you!
* * * LOW HITPOINT WARNING * * *
The killer bee closely misses you.
You hear a shout!
You crush the killer bee!!!
You kill the killer bee!
Trog accepts your kill.
You constrict the killer bee.
You kill the killer bee!
Trog accepts your kill.
You hear an angry buzzing noise. x3
You barely miss the killer bee. You grab the killer bee.
You constrict the killer bee.
You hear an angry buzzing noise.
The green ugly thing barely misses you. The killer bee completely misses you.
A skeletal warrior comes into view. It is wielding a +0 dire flail.
You body-slam the killer bee!!
You kill the killer bee!
Trog accepts your kill.
You body-slam the slime creature!!
The slime creature is heavily wounded.
You hear an angry buzzing noise.
The green ugly thing misses you.
You hear a shout!
You hear an angry buzzing noise. x2; You hear a shout!
You lash the slime creature!
The slime creature is heavily wounded.
A skeletal warrior comes into view. It is wielding a +0 battleaxe.
The skeletal warrior throws a stone.
The stone completely misses you. The slime creature barely misses you.
You crush the slime creature!!!
You kill the slime creature!
Trog accepts your kill.
The green ugly thing gores you but does no damage.
You crush the killer bee!!!
You feel the power of Trog in you as your rage grows.
You kill the killer bee!
Trog accepts your kill. The efreet gestures at you.
The bolt of fire misses you.
You lash the skeletal warrior! You grab the skeletal warrior.
The skeletal warrior is moderately damaged.
You constrict the skeletal warrior, but do no damage.
You lash the skeletal warrior!
The skeletal warrior is moderately damaged.
You constrict the skeletal warrior.
A killer bee comes into view.
The green ugly thing gores you.
* * * LOW HITPOINT WARNING * * *
You are poisoned.
The green ugly thing poisons you!
Unknown command.
You lash the skeletal warrior!
The skeletal warrior is heavily damaged.
You constrict the skeletal warrior.
You feel very sick.
The skeletal warrior hits you with a +0 war axe.
* * * LOW HITPOINT WARNING * * *
The skeletal warrior hits you with a +0 scimitar.
* * * LOW HITPOINT WARNING * * *
You body-slam the skeletal warrior!!
You destroy the skeletal warrior!
Trog accepts your kill.
* * * LOW HITPOINT WARNING * * *
You feel very sick.
The green ugly thing gores you but does no damage.
You closely miss the killer bee. You grab the killer bee.
You constrict the killer bee.
You feel sick.
The killer bee stings you but does no damage.
The skeletal warrior hits you with a +0 war axe.
* * * LOW HITPOINT WARNING * * *
You are too berserk!
You crush the killer bee!!!
You feel the power of Trog in you as your rage grows.
You kill the killer bee!
Trog accepts your kill.
* * * LOW HITPOINT WARNING * * *
You feel sick.
A meliai comes into view. It is wielding a +0 hand axe.
You closely miss the killer bee.
The meliai buzzes angrily.
Your grab misses the killer bee.
* * * LOW HITPOINT WARNING * * *
You feel sick.
You hear a shout!
You hear an angry buzzing noise.
The green ugly thing barely misses you.
You crush the killer bee!!!
You kill the killer bee!
Trog accepts your kill.
* * * LOW HITPOINT WARNING * * *
You feel sick.
The skeletal warrior hits you with a +0 war axe!
You die...

..<....... ## ........##
#. #.. ........###.
.#.##.##.##.
........##.# .#........#
.......##.#.###...#.....
#.....###.##.#....#...##
##.#####..#.#†....#.....
##.# #....#...z#†..#
##.# ##...#.#..#S#☼##
##.# #...###..yu#).○#
##.###..#.#...#z..#...#
.......#.#....z#.###.##
...#####.#....#...# .y#
........#.......#.. ...
.....#.#.#.###.###.#
#°## .......# . .. .y
........ ..!# .?


You could see a green ugly thing, 3 skeletal warriors, a meliai and a killer
bee.

Vanquished Creatures
  Kirke (Lair:5)
  Josephine (D:12)
  A fire dragon (D:14)
  Erolcha (D:9)
  Fannar (Lair:2)
  6 hydras
  3 catoblepae
  A vault guard (D:14)
  A merfolk avatar (Lair:5)
  A boulder beetle (D:14)
  A dancing weapon (D:14)
  6 centaur warriors
  3 two-headed ogres
  A tengu warrior (D:14)
  An orc high priest (Orc:2)
  Nergalle (D:11)
  Amaemon (Lair:2)
  A skyshark (Lair:5)
  A sea snake (Lair:5)
  A skeletal warrior (D:14)
  3 orc knights (Orc:2)
  4 lindwurms
  2 deep elf pyromancers
  4 cyclopes
  4 kobold blastminers
  3 ugly things
  A manticore (D:11)
  4 orc sorcerers
  2 meliai (D:14)
  2 black mambas
  9 cane toads
  2 gargoyles (D:12)
  An orange demon (Lair:2)
  2 elephants (Lair:5)
  A cane toad (shapeshifter) (D:13)
  2 kobold demonologists
  2 rime drakes (Lair:5)
  13 komodo dragons
  8 trolls
  4 polar bears
  A wind drake (Lair:5)
  5 hornets (Lair:5)
  Grinder (D:4)
  5 dream sheep (Lair:2)
  18 blink frogs
  9 slime creatures
  7 wraiths
  2 vampires
  6 wyverns
  2 hogs (Lair:5)
  36 yaks
  4 basilisks
  7 wargs
  4 acid dragons
  16 water moccasins
  4 sky beasts
  An ice beast (D:6)
  20 orc warriors
  4 black bears
  2 laughing skulls (D:14)
  5 ogres
  18 wolves
  11 centaurs
  6 kobold brigands
  A gnoll sergeant (D:13)
  16 bullfrogs
  3 scorpions
  2 cane toad simulacra (IceCv)
  5 wights
  25 killer bees
  4 electric eels
  10 howler monkeys
  A human zombie (D:7)
  15 orc priests
  3 jellies
  A gnoll bouda (Lair:2)
  4 hounds
  2 iguanas
  2 sleepcaps
  17 orc wizards
  A polar bear simulacrum (IceCv)
  A troll simulacrum (IceCv)
  A spriggan simulacrum (IceCv)
  8 mummies (Ossuary)
  5 adders
  6 white imps
  2 ufetubi (D:5)
  3 dart slugs
  3 ribbon worms
  66 orcs
  15 endoplasms
  5 giant cockroaches
  2 gnoll zombies
  10 goblins
  7 hobgoblins
  8 quokkas
  7 ball pythons
  7 bats
  5 frilled lizards
  2 hobgoblin zombies (Ossuary)
  A jackal zombie (D:7)
  45 kobolds
  2 kobold zombies (Ossuary)
  3 orc zombies (Ossuary)
  9 rats
636 creatures vanquished.

Vanquished Creatures (collateral kills)
  Rupert (D:12)
  An orc warlord (Orc:2)
  An ogre mage (Orc:2)
  4 two-headed ogres
  An orc high priest (Orc:2)
  An orc knight (Orc:2)
  A manticore (Lair:5)
  A kobold blastminer (Orc:2)
  2 slime creatures
  A cane toad (Lair:5)
  2 komodo dragons (Lair:5)
  A polar bear (Lair:5)
  2 wraiths (D:12)
  A warg (Orc:2)
  A steam dragon (Lair:5)
  2 orc warriors
  An ogre (Orc:2)
  A kobold brigand (D:9)
  2 wights (D:9)
  An orc priest (Orc:2)
  An orc wizard (Orc:2)
  8 white imps (D:12)
  2 orcs
  A kobold (D:9)
40 creatures vanquished.

Vanquished Creatures (others)
  A human (Lair:5)
  2 orc wizards (Orc:2)
  An orc (Orc:1)
  A bat (Orc:1)
  A kobold (D:8)
6 creatures vanquished.

Grand Total: 682 creatures vanquished

Notes
Turn   | Place    | Note
-------+----------+-------------------------------------------
     0 | D:1      | GloriousHammer the Felid Berserker began the quest for the
                  | Orb.
     0 | D:1      | Reached XP level 1. HP: 12/12 MP: 2/2
   201 | D:1      | Reached XP level 2. HP: 14/16 MP: 3/3
   285 | D:1      | Reached skill level 1 in Stealth
   396 | D:1      | Reached ** piety under Trog
   526 | D:1      | Found Umaifeg's Jewellery Emporium.
   869 | D:2      | Reached XP level 3. HP: 20/20 MP: 4/4
  2144 | D:4      | Reached XP level 4. HP: 24/24 MP: 5/5
  2144 | D:4      | Gained a life (2 lives remaining)
  2169 | D:4      | Reached XP level 5. HP: 11/28 MP: 6/6
  2625 | D:4      | Noticed Grinder
  2628 | D:4      | Killed Grinder
  2629 | D:4      | Reached skill level 5 in Unarmed Combat
  2629 | D:4      | Gained mutation: You are covered in thick fur. (AC +2)
                  | [Felid growth]
  2629 | D:4      | Reached XP level 6. HP: 27/32 MP: 7/7
  2701 | D:4      | Reached *** piety under Trog
  2842 | D:4      | Found a stormy altar of Qazlal.
  2842 | D:4      | Found a sparkling altar of Nemelex Xobeh.
  3012 | D:4      | Reached skill level 1 in Shapeshifting
  3012 | D:4      | Reached XP level 7. HP: 26/36 MP: 8/8
  3454 | D:5      | Entered Level 5 of the Dungeon
  3803 | D:5      | Found a glowing drain.
  3807 | Sewer    | Entered a sewer
  4244 | D:5      | Reached **** piety under Trog
  4624 | D:6      | Reached XP level 8. HP: 40/40 MP: 9/9
  5170 | D:6      | Identified 2 scrolls of acquirement
  5172 | D:6      | Acquired a manual of Unarmed Combat
  5174 | D:6      | Acquired a manual of Dodging
  5250 | D:7      | Reached skill level 5 in Dodging
  5250 | D:7      | Reached skill level 5 in Shapeshifting
  5377 | D:7      | Found a staircase to the Ecumenical Temple.
  5449 | D:7      | Reached XP level 9. HP: 44/44 MP: 10/10
  5569 | D:7      | Found a sand-covered staircase.
  5596 | Ossuary  | Entered an ossuary
  5746 | Ossuary  | Reached ***** piety under Trog
  6340 | Temple   | Entered the Ecumenical Temple
  6612 | D:8      | Reached skill level 10 in Unarmed Combat
  7002 | D:8      | Reached skill level 10 in Dodging
  7419 | D:9      | Reached XP level 10. HP: 43/49 MP: 11/11
  7442 | D:9      | Noticed Erolcha
  7472 | D:9      | Killed Erolcha
  7505 | D:9      | Noticed a two-headed ogre
  7517 | D:9      | Killed a two-headed ogre
  7538 | D:9      | Noticed an orange crystal statue
  7810 | D:9      | You fall into a shaft and drop 3 floors!
  7842 | D:12     | Noticed a gargoyle
  7843 | D:12     | Killed a gargoyle
  7850 | D:12     | Noticed a deep elf pyromancer
  7852 | D:12     | Found a frozen archway.
  7859 | D:12     | Killed a deep elf pyromancer
  7864 | D:12     | Noticed a gargoyle
  7870 | D:12     | Noticed a two-headed ogre
  7871 | D:12     | Killed a gargoyle
  7874 | D:12     | Killed a two-headed ogre
  7875 | D:12     | Reached XP level 11. HP: 31/52 MP: 12/12
  7891 | IceCv    | Entered an ice cave
  8256 | D:12     | Noticed Rupert
  8268 | D:12     | Reached skill level 15 in Dodging
  8272 | D:12     | Killed Rupert
  8314 | D:10     | Entered Level 10 of the Dungeon
  8466 | D:10     | Found a staircase to the Lair.
  9468 | D:10     | Found a staircase to the Orcish Mines.
  9739 | D:10     | Reached skill level 15 in Unarmed Combat
  9836 | Lair:1   | Entered Level 1 of the Lair of Beasts
  9936 | Lair:1   | Reached skill level 1 in Evocations
  9936 | Lair:1   | Gained mutation: Your thick and shaggy fur keeps you warm.
                  | (AC +3, rC+) [Felid growth]
  9936 | Lair:1   | Reached XP level 12. HP: 42/58 MP: 13/13
 10022 | Lair:1   | Reached ****** piety under Trog
 10087 | Lair:1   | Found a basalt altar of Yredelemnul.
 10277 | Lair:1   | Reached skill level 10 in Shapeshifting
 10533 | Lair:1   | Reached skill level 5 in Fighting
 10820 | Lair:2   | Noticed Amaemon
 10837 | Lair:2   | Killed Amaemon
 10940 | Lair:2   | Reached skill level 5 in Evocations
 11108 | Lair:2   | Found a staircase to the Snake Pit.
 11386 | Lair:2   | Noticed Fannar
 11399 | Lair:2   | Killed Fannar
 11658 | Lair:3   | Reached XP level 13. HP: 66/66 MP: 14/14
 11909 | Lair:3   | Found a staircase to the Shoals.
 13375 | Lair:5   | Entered Level 5 of the Lair of Beasts
 13441 | Lair:5   | Killed from afar by a wind drake
 13441 | Lair:5   | Lost a life (1 life remaining)
 13495 | Lair:5   | Killed from afar by a rime drake
 13495 | Lair:5   | Lost a life (0 lives remaining)
 13509 | Lair:5   | Noticed Kirke
 13547 | Lair:5   | Killed Kirke
 13828 | Lair:5   | Found a staircase to the Slime Pits.
 13986 | Lair:5   | Reached XP level 14. HP: 66/75 MP: 15/15
 13986 | Lair:5   | Gained a life (1 life remaining)
 14775 | D:12     | Noticed Josephine
 14790 | D:12     | Killed Josephine
 14901 | D:11     | Noticed Nergalle
 14907 | D:11     | Killed Nergalle
 15152 | D:11     | Reached skill level 10 in Evocations
 15795 | D:13     | Reached skill level 10 in Fighting
 16120 | D:13     | HP: 2/92 [eight-headed hydra (7)]
 16120 | D:13     | Mangled by an eight-headed hydra
 16120 | D:13     | Lost a life (0 lives remaining)
 16852 | Orc:1    | Entered Level 1 of the Orcish Mines
 17353 | Orc:2    | Entered Level 2 of the Orcish Mines
 17512 | Orc:2    | Found a roughly hewn altar of Beogh.
 17660 | Orc:2    | Found a staircase to the Elven Halls.
 17684 | Orc:2    | Found a roughly hewn altar of Beogh.
 17820 | Orc:2    | Noticed an orc warlord
 18245 | Orc:2    | Killed an orc warlord
 18257 | Orc:2    | Found a roughly hewn altar of Beogh.
 18262 | Orc:2    | Found Xucamimu's Jewellery Shop.
 18275 | Orc:2    | Found Xaschevu's Antique Weapon Shop.
 18296 | Orc:2    | Found Huatroh's General Store.
 18473 | Orc:2    | Found Zereinemo's Antique Armour Shop.
 18487 | Orc:2    | Found Ofousefi's General Store.
 18713 | Orc:2    | Bought a scroll of teleportation for 36 gold pieces
 18713 | Orc:2    | Bought a wand of warping (7) for 201 gold pieces
 18739 | Orc:2    | Bought a potion of curing for 39 gold pieces
 18739 | Orc:2    | Bought a scroll of silence for 123 gold pieces
 18739 | Orc:2    | Bought a scroll of identify for 26 gold pieces
 18739 | Orc:2    | Bought a wand of warping (5) for 156 gold pieces
 18871 | D:14     | Identified the +0 robe "Caovvur" {*Slow rElec Will+++
                  | rCorr}
 18874 | D:14     | Reached XP level 15. HP: 79/84 MP: 16/16
 18874 | D:14     | Gained a life (1 life remaining)
 19043 | D:14     | Found a gate to the Vaults.
 19178 | D:14     | HP: 2/100 [five-headed hydra (12)]
 19178 | D:14     | Mangled by a five-headed hydra
 19178 | D:14     | Lost a life (0 lives remaining)
 19417 | D:14     | HP: 7/151 [poisoned by a green ugly thing]
 19419 | D:14     | Slain by a skeletal warrior

Illustrated notes

Levels and vault maps discovered:
D:1:      minmay_arrival_jagged, layout_loops_ring, serial_shops,
          nicolae_shop_stone
D:2:      layout_rooms
D:3:      layout_basic
D:4:      layout_basic, gammafunk_temple_overflow_elements, hex_medium,
          minmay_misc_feat_doors, uniq_grinder
D:5:      layout_rooms, gup_sewer_entry_spiral
D:6:      layout_loops_ring
D:7:      layout_gridville, minmay_temple_entry_waves, enter_ossuary_3
D:8:      layout_rooms, serial_bayou, serial_bayou_pond_a, serial_bayou_ford_a,
          serial_bayou_pond_a, serial_bayou_shore_a
D:9:      layout_small_grid, library_closet, minivault_16, uniq_erolcha
D:10:     layout_basic, minmay_lair_entry_grove, david_orc_1_choice
D:11:     layout_basic, uniq_nergalle
D:12:     layout_basic, portal_ice_cave_entry_imps, uniq_josephine, uniq_rupert
D:13:     layout_basic, minmay_starry_boxes
D:14:     hangedman_what_comes_after_a, layout_rooms, erik_vaults_1
Temple:   mainiacjoe_temple_big_plus
Lair:1:   layout_regular_city, basic_altar, infiniplex_staircase_pool,
          grunt_megastairs_1
Lair:2:   wander_river, layout_concentric_octagons, dummy_snake_entry,
          minmay_holes, dreamdust_gnoll_shepherd, uniq_amaemon, uniq_fannar
Lair:3:   layout_cave_pods, elwin_shoals_entry_rocks, nicolae_lair_lindhole,
          grunt_megastairs_2
Lair:4:   layout_hall_layers, infiniplex_staircase_pool_2
Lair:5:   gammafunk_lair_ancient_temple, layout_regular_city,
          nicolae_slime_entry_slimehenge, uniq_kirke
Orc:1:    layout_diamond_mine, serial_shops, blackcustard_mines_bat_river
Orc:2:    grunt_orc_cross, layout_caves, serial_shops, shop, basic_altar,
          bh_open_orc_temple

Skill      XL: |  1  2  3  4  5  6  7  8  9 10 11 12 13 14 15 |
---------------+----------------------------------------------+-----
Stealth        | 1 3 6 7 |  7.0
Unarmed Combat | 4 5 6 8 11 13 15 16 17 | 17.8
Shapeshifting  | 1 3 5 6 7 9 10 11 12 | 12.5
Dodging        | 6 10 14 17 | 17.1
Evocations     | 1 6 9 10 | 10.0
Fighting       | 6 9 11 12 | 12.3

Action                     |  1- 3 |  4- 6 |  7- 9 | 10-12 | 13-15 || total
---------------------------+-------+-------+-------+-------+-------++-------
  Melee: Unarmed           |    98 |    95 |   388 |   443 |   684 ||  1708
         Bite              |     8 |     4 |    39 |    24 |       ||    75
         Punch             |     3 |     2 |    16 |    17 |       ||    38
         Constrict         |       |       |       |    73 |   157 ||   230
 Invoke: Trog's Hand       |       |     2 |     5 |     1 |     8 ||    16
         Berserk           |       |     1 |     4 |     2 |     3 ||    10
         Brothers in Arms  |       |       |       |     3 |     4 ||     7
  Evoke: Wand              |       |       |     4 |       |       ||     4
    Use: Scroll            |       |       |     8 |     3 |    17 ||    28
         Potion            |       |       |       |     1 |     2 ||     3
   Stab: Sleeping          |     4 |     4 |    16 |    13 |    18 ||    55
         Distracted        |       |     1 |     2 |     1 |     1 ||     5
 Armour: Skin              |    23 |    30 |   122 |   116 |   418 ||   709
  Dodge: Dodged            |    64 |    46 |   335 |   326 |   736 ||  1507
  Block: Other             |     3 |       |       |       |       ||     3
   Form: Beast             |       |     2 |       |     2 |       ||     4
                           |       |     1 |       |     1 |       ||     2
         Serpent           |       |       |       |     4 |       ||     4
         Blade             |       |       |       |     1 |       ||     1

Table legend: (Time is in decaauts)
 A = Elapsed time spent in this place.
 B = Non-inter-level travel time spent in this place.
 C = Inter-level travel time spent in this place.
 D = Time resting spent in this place.
 E = Time spent auto-exploring this place.
 F = Levels seen in this place.
 G = Mean time per level.
                   A        B        C        D        E       F      G
               +--------+--------+--------+--------+--------+-----+--------+
         Total |  19183 |  18120 |   1063 |   1804 |  10947 |  25 |  767.3 |
       Dungeon |  11788 |  11084 |    704 |   1048 |   6675 |  14 |  842.0 |
        Temple |      1 |      1 |      0 |      0 |      0 |   1 |    1.0 |
          Lair |   4564 |   4353 |    211 |    180 |   3027 |   5 |  912.8 |
  Orcish Mines |   1881 |   1734 |    147 |    258 |   1037 |   2 |  940.5 |
         Sewer |    319 |    319 |      0 |     46 |    134 |   1 |  319.0 |
       Ossuary |    316 |    316 |      0 |     21 |     74 |   1 |  316.0 |
      Ice Cave |    311 |    311 |      0 |    251 |      0 |   1 |  311.0 |
               +--------+--------+--------+--------+--------+-----+--------+

Top non-repeatable levels by time:
     D:4: 1447 daAuts
   Orc:2: 1385 daAuts
    D:10: 1364 daAuts
  Lair:5: 1046 daAuts
    D:13: 1012 daAuts
  Lair:3: 995 daAuts
  Lair:4: 902 daAuts
     D:8: 887 daAuts
     D:1: 856 daAuts
     D:7: 854 daAuts
  Lair:1: 834 daAuts
     D:9: 830 daAuts
  Lair:2: 785 daAuts
     D:5: 771 daAuts
     D:3: 757 daAuts
